%YAML 1.1
%TAG !u! tag:unity3d.com,2011:
--- !u!114 &11400000
MonoBehaviour:
  m_ObjectHideFlags: 0
  m_CorrespondingSourceObject: {fileID: 0}
  m_PrefabInstance: {fileID: 0}
  m_PrefabAsset: {fileID: 0}
  m_GameObject: {fileID: 0}
  m_Enabled: 1
  m_EditorHideFlags: 0
  m_Script: {fileID: 11500000, guid: 15f0118ce50c1894487d3c82fab5e80a, type: 3}
  m_Name: "I10e - S\xE1dlo v hrnku"
  m_EditorClassIdentifier: 
  nodes:
  - {fileID: 114503070055839282}
  - {fileID: 114165871627705280}
  - {fileID: 114081573200748514}
  - {fileID: 114537668735524858}
  - {fileID: 114427776674959284}
  - {fileID: 114804959636843278}
  - {fileID: 114631636505698392}
  connections:
  - {fileID: 114382874406930738}
  - {fileID: 114640155887424802}
  - {fileID: 114048006118645266}
  - {fileID: 114710419899205730}
  - {fileID: 114189071962117096}
  i: 8
  corruptionReport: 
--- !u!114 &114048006118645266
MonoBehaviour:
  m_ObjectHideFlags: 0
  m_CorrespondingSourceObject: {fileID: 0}
  m_PrefabInstance: {fileID: 0}
  m_PrefabAsset: {fileID: 0}
  m_GameObject: {fileID: 0}
  m_Enabled: 1
  m_EditorHideFlags: 0
  m_Script: {fileID: 11500000, guid: c83906d02ff79e44a87686bb3e9d622c, type: 3}
  m_Name: "I10e - S\xE1dlo v hrnku-T-3 -- I10e - S\xE1dlo v hrnku-R-4"
  m_EditorClassIdentifier: 
  inPort: {fileID: 114198234659891662}
  outPort: {fileID: 114176530974473500}
--- !u!114 &114077768443780418
MonoBehaviour:
  m_ObjectHideFlags: 0
  m_CorrespondingSourceObject: {fileID: 0}
  m_PrefabInstance: {fileID: 0}
  m_PrefabAsset: {fileID: 0}
  m_GameObject: {fileID: 0}
  m_Enabled: 1
  m_EditorHideFlags: 0
  m_Script: {fileID: 11500000, guid: 92897b83d3ac44d4fb3722cc5d2189d2, type: 3}
  m_Name: "I10e - S\xE1dlo v hrnku-EP-0-outPort"
  m_EditorClassIdentifier: 
  Direction: 1
  attachedToNode: {fileID: 114503070055839282}
  centerInAbsolute: {x: 8, y: 171}
  connections:
  - {fileID: 114382874406930738}
  buttonRectInRelative:
    serializedVersion: 2
    x: 168
    y: 25
    width: 12
    height: 12
--- !u!114 &114081573200748514
MonoBehaviour:
  m_ObjectHideFlags: 0
  m_CorrespondingSourceObject: {fileID: 0}
  m_PrefabInstance: {fileID: 0}
  m_PrefabAsset: {fileID: 0}
  m_GameObject: {fileID: 0}
  m_Enabled: 1
  m_EditorHideFlags: 0
  m_Script: {fileID: 11500000, guid: d687dbdf673d5ab4391e7faf19ac9f58, type: 3}
  m_Name: "I10e - S\xE1dlo v hrnku-EP-pr\xE1\u0161ek"
  m_EditorClassIdentifier: 
  uniqueId: "I10e - S\xE1dlo v hrnku-EP-pr\xE1\u0161ek"
  nameWithinDialog: "EP-pr\xE1\u0161ek"
  parentGraph: {fileID: 11400000}
  inPort: {fileID: 0}
  outPorts:
  - {fileID: 114912950232025348}
  pointsTo: []
  position: {x: 0, y: 0}
  rect:
    serializedVersion: 2
    x: -26.020065
    y: 360.29987
    width: 180
    height: 100
  isDragged: 0
  isSelected: 0
  nodeNameRect:
    serializedVersion: 2
    x: 15
    y: 10
    width: 100
    height: 30
  corruptionReport: 
  note: 
--- !u!114 &114129866056318702
MonoBehaviour:
  m_ObjectHideFlags: 0
  m_CorrespondingSourceObject: {fileID: 0}
  m_PrefabInstance: {fileID: 0}
  m_PrefabAsset: {fileID: 0}
  m_GameObject: {fileID: 0}
  m_Enabled: 1
  m_EditorHideFlags: 0
  m_Script: {fileID: 11500000, guid: 92897b83d3ac44d4fb3722cc5d2189d2, type: 3}
  m_Name: "I10e - S\xE1dlo v hrnku-R-7-inPort"
  m_EditorClassIdentifier: 
  Direction: 0
  attachedToNode: {fileID: 114631636505698392}
  centerInAbsolute: {x: 922.8596, y: 664.05975}
  connections:
  - {fileID: 114710419899205730}
  buttonRectInRelative:
    serializedVersion: 2
    x: 0
    y: 25
    width: 12
    height: 12
--- !u!114 &114165871627705280
MonoBehaviour:
  m_ObjectHideFlags: 0
  m_CorrespondingSourceObject: {fileID: 0}
  m_PrefabInstance: {fileID: 0}
  m_PrefabAsset: {fileID: 0}
  m_GameObject: {fileID: 0}
  m_Enabled: 1
  m_EditorHideFlags: 0
  m_Script: {fileID: 11500000, guid: a369827a53a8b544fac030b468de9f7b, type: 3}
  m_Name: "I10e - S\xE1dlo v hrnku-R-1"
  m_EditorClassIdentifier: 
  uniqueId: "I10e - S\xE1dlo v hrnku-R-1"
  nameWithinDialog: R-1
  parentGraph: {fileID: 11400000}
  inPort: {fileID: 114263333756972572}
  outPorts:
  - {fileID: 114765617130388650}
  pointsTo: []
  position: {x: 0, y: 0}
  rect:
    serializedVersion: 2
    x: 264.83
    y: 165.73001
    width: 250
    height: 150
  isDragged: 0
  isSelected: 1
  nodeNameRect:
    serializedVersion: 2
    x: 15
    y: 10
    width: 146
    height: 30
  corruptionReport: 
  speaker: {fileID: 11400000, guid: bd4269cbd9a00b64fa93d3034e3bb339, type: 2}
  replicAudio: {fileID: 0}
  scroll: {x: 0, y: 0}
  currentLang: 0
  translation:
    cs: "S\xE1dlo v hrnku. Sta\u010D\xED p\u0159idat n\u011Bjak\xFD b\xEDl\xFD pigment
      a m\xE1m b\xEDlou barvu."
    en: 
--- !u!114 &114174439070807598
MonoBehaviour:
  m_ObjectHideFlags: 0
  m_CorrespondingSourceObject: {fileID: 0}
  m_PrefabInstance: {fileID: 0}
  m_PrefabAsset: {fileID: 0}
  m_GameObject: {fileID: 0}
  m_Enabled: 1
  m_EditorHideFlags: 0
  m_Script: {fileID: 11500000, guid: 92897b83d3ac44d4fb3722cc5d2189d2, type: 3}
  m_Name: "I10e - S\xE1dlo v hrnku-T-3-inPort"
  m_EditorClassIdentifier: 
  Direction: 0
  attachedToNode: {fileID: 114537668735524858}
  centerInAbsolute: {x: 274.60983, y: 447.64984}
  connections:
  - {fileID: 114640155887424802}
  buttonRectInRelative:
    serializedVersion: 2
    x: 0
    y: 25
    width: 12
    height: 12
--- !u!114 &114176530974473500
MonoBehaviour:
  m_ObjectHideFlags: 0
  m_CorrespondingSourceObject: {fileID: 0}
  m_PrefabInstance: {fileID: 0}
  m_PrefabAsset: {fileID: 0}
  m_GameObject: {fileID: 0}
  m_Enabled: 1
  m_EditorHideFlags: 0
  m_Script: {fileID: 11500000, guid: 92897b83d3ac44d4fb3722cc5d2189d2, type: 3}
  m_Name: "I10e - S\xE1dlo v hrnku-R-4-inPort"
  m_EditorClassIdentifier: 
  Direction: 0
  attachedToNode: {fileID: 114427776674959284}
  centerInAbsolute: {x: 673.8897, y: 470.18985}
  connections:
  - {fileID: 114048006118645266}
  buttonRectInRelative:
    serializedVersion: 2
    x: 0
    y: 25
    width: 12
    height: 12
--- !u!114 &114189071962117096
MonoBehaviour:
  m_ObjectHideFlags: 0
  m_CorrespondingSourceObject: {fileID: 0}
  m_PrefabInstance: {fileID: 0}
  m_PrefabAsset: {fileID: 0}
  m_GameObject: {fileID: 0}
  m_Enabled: 1
  m_EditorHideFlags: 0
  m_Script: {fileID: 11500000, guid: c83906d02ff79e44a87686bb3e9d622c, type: 3}
  m_Name: "I10e - S\xE1dlo v hrnku-R-7 -- I10e - S\xE1dlo v hrnku-T-6"
  m_EditorClassIdentifier: 
  inPort: {fileID: 114513539311747512}
  outPort: {fileID: 114528818709556726}
--- !u!114 &114198234659891662
MonoBehaviour:
  m_ObjectHideFlags: 0
  m_CorrespondingSourceObject: {fileID: 0}
  m_PrefabInstance: {fileID: 0}
  m_PrefabAsset: {fileID: 0}
  m_GameObject: {fileID: 0}
  m_Enabled: 1
  m_EditorHideFlags: 0
  m_Script: {fileID: 11500000, guid: 92897b83d3ac44d4fb3722cc5d2189d2, type: 3}
  m_Name: "I10e - S\xE1dlo v hrnku-T-3-outPort"
  m_EditorClassIdentifier: 
  Direction: 1
  attachedToNode: {fileID: 114537668735524858}
  centerInAbsolute: {x: 562.60986, y: 447.64984}
  connections:
  - {fileID: 114048006118645266}
  buttonRectInRelative:
    serializedVersion: 2
    x: 288
    y: 25
    width: 12
    height: 12
--- !u!114 &114263333756972572
MonoBehaviour:
  m_ObjectHideFlags: 0
  m_CorrespondingSourceObject: {fileID: 0}
  m_PrefabInstance: {fileID: 0}
  m_PrefabAsset: {fileID: 0}
  m_GameObject: {fileID: 0}
  m_Enabled: 1
  m_EditorHideFlags: 0
  m_Script: {fileID: 11500000, guid: 92897b83d3ac44d4fb3722cc5d2189d2, type: 3}
  m_Name: "I10e - S\xE1dlo v hrnku-R-1-inPort"
  m_EditorClassIdentifier: 
  Direction: 0
  attachedToNode: {fileID: 114165871627705280}
  centerInAbsolute: {x: 270.83, y: 196.73001}
  connections:
  - {fileID: 114382874406930738}
  buttonRectInRelative:
    serializedVersion: 2
    x: 0
    y: 25
    width: 12
    height: 12
--- !u!114 &114382874406930738
MonoBehaviour:
  m_ObjectHideFlags: 0
  m_CorrespondingSourceObject: {fileID: 0}
  m_PrefabInstance: {fileID: 0}
  m_PrefabAsset: {fileID: 0}
  m_GameObject: {fileID: 0}
  m_Enabled: 1
  m_EditorHideFlags: 0
  m_Script: {fileID: 11500000, guid: c83906d02ff79e44a87686bb3e9d622c, type: 3}
  m_Name: "I10e - S\xE1dlo v hrnku-EP-0 -- I10e - S\xE1dlo v hrnku-R-1"
  m_EditorClassIdentifier: 
  inPort: {fileID: 114077768443780418}
  outPort: {fileID: 114263333756972572}
--- !u!114 &114427776674959284
MonoBehaviour:
  m_ObjectHideFlags: 0
  m_CorrespondingSourceObject: {fileID: 0}
  m_PrefabInstance: {fileID: 0}
  m_PrefabAsset: {fileID: 0}
  m_GameObject: {fileID: 0}
  m_Enabled: 1
  m_EditorHideFlags: 0
  m_Script: {fileID: 11500000, guid: a369827a53a8b544fac030b468de9f7b, type: 3}
  m_Name: "I10e - S\xE1dlo v hrnku-R-4"
  m_EditorClassIdentifier: 
  uniqueId: "I10e - S\xE1dlo v hrnku-R-4"
  nameWithinDialog: R-4
  parentGraph: {fileID: 11400000}
  inPort: {fileID: 114176530974473500}
  outPorts:
  - {fileID: 114599439728789536}
  pointsTo: []
  position: {x: 0, y: 0}
  rect:
    serializedVersion: 2
    x: 667.8897
    y: 439.18985
    width: 250
    height: 150
  isDragged: 0
  isSelected: 0
  nodeNameRect:
    serializedVersion: 2
    x: 15
    y: 10
    width: 146
    height: 30
  corruptionReport: 
  speaker: {fileID: 11400000, guid: bd4269cbd9a00b64fa93d3034e3bb339, type: 2}
  replicAudio: {fileID: 0}
  scroll: {x: 0, y: 0}
  currentLang: 0
  translation:
    cs: "P\u0159id\xE1me do s\xE1dla b\xEDl\xFD pr\xE1\u0161ek... za m\xEDch\xE1me... "
    en: 
--- !u!114 &114441023166747796
MonoBehaviour:
  m_ObjectHideFlags: 0
  m_CorrespondingSourceObject: {fileID: 0}
  m_PrefabInstance: {fileID: 0}
  m_PrefabAsset: {fileID: 0}
  m_GameObject: {fileID: 0}
  m_Enabled: 1
  m_EditorHideFlags: 0
  m_Script: {fileID: 11500000, guid: 92897b83d3ac44d4fb3722cc5d2189d2, type: 3}
  m_Name: "I10e - S\xE1dlo v hrnku-T-6-outPort"
  m_EditorClassIdentifier: 
  Direction: 1
  attachedToNode: {fileID: 114804959636843278}
  centerInAbsolute: {x: 1314.4795, y: 457.30984}
  connections: []
  buttonRectInRelative:
    serializedVersion: 2
    x: 288
    y: 25
    width: 12
    height: 12
--- !u!114 &114503070055839282
MonoBehaviour:
  m_ObjectHideFlags: 0
  m_CorrespondingSourceObject: {fileID: 0}
  m_PrefabInstance: {fileID: 0}
  m_PrefabAsset: {fileID: 0}
  m_GameObject: {fileID: 0}
  m_Enabled: 1
  m_EditorHideFlags: 0
  m_Script: {fileID: 11500000, guid: d687dbdf673d5ab4391e7faf19ac9f58, type: 3}
  m_Name: "I10e - S\xE1dlo v hrnku-EP-0"
  m_EditorClassIdentifier: 
  uniqueId: "I10e - S\xE1dlo v hrnku-EP-0"
  nameWithinDialog: EP-0
  parentGraph: {fileID: 11400000}
  inPort: {fileID: 0}
  outPorts:
  - {fileID: 114077768443780418}
  pointsTo: []
  position: {x: 0, y: 0}
  rect:
    serializedVersion: 2
    x: -166
    y: 140
    width: 180
    height: 100
  isDragged: 0
  isSelected: 0
  nodeNameRect:
    serializedVersion: 2
    x: 15
    y: 10
    width: 100
    height: 30
  corruptionReport: 
  note: 
--- !u!114 &114513539311747512
MonoBehaviour:
  m_ObjectHideFlags: 0
  m_CorrespondingSourceObject: {fileID: 0}
  m_PrefabInstance: {fileID: 0}
  m_PrefabAsset: {fileID: 0}
  m_GameObject: {fileID: 0}
  m_Enabled: 1
  m_EditorHideFlags: 0
  m_Script: {fileID: 11500000, guid: 92897b83d3ac44d4fb3722cc5d2189d2, type: 3}
  m_Name: "I10e - S\xE1dlo v hrnku-R-7-outPort"
  m_EditorClassIdentifier: 
  Direction: 1
  attachedToNode: {fileID: 114631636505698392}
  centerInAbsolute: {x: 1160.8596, y: 664.05975}
  connections:
  - {fileID: 114189071962117096}
  buttonRectInRelative:
    serializedVersion: 2
    x: 238
    y: 25
    width: 12
    height: 12
--- !u!114 &114528818709556726
MonoBehaviour:
  m_ObjectHideFlags: 0
  m_CorrespondingSourceObject: {fileID: 0}
  m_PrefabInstance: {fileID: 0}
  m_PrefabAsset: {fileID: 0}
  m_GameObject: {fileID: 0}
  m_Enabled: 1
  m_EditorHideFlags: 0
  m_Script: {fileID: 11500000, guid: 92897b83d3ac44d4fb3722cc5d2189d2, type: 3}
  m_Name: "I10e - S\xE1dlo v hrnku-T-6-inPort"
  m_EditorClassIdentifier: 
  Direction: 0
  attachedToNode: {fileID: 114804959636843278}
  centerInAbsolute: {x: 1026.4795, y: 457.30984}
  connections:
  - {fileID: 114189071962117096}
  buttonRectInRelative:
    serializedVersion: 2
    x: 0
    y: 25
    width: 12
    height: 12
--- !u!114 &114537668735524858
MonoBehaviour:
  m_ObjectHideFlags: 0
  m_CorrespondingSourceObject: {fileID: 0}
  m_PrefabInstance: {fileID: 0}
  m_PrefabAsset: {fileID: 0}
  m_GameObject: {fileID: 0}
  m_Enabled: 1
  m_EditorHideFlags: 0
  m_Script: {fileID: 11500000, guid: 5ab8e39e5de1e8146b9d50b8568d7681, type: 3}
  m_Name: "I10e - S\xE1dlo v hrnku-T-3"
  m_EditorClassIdentifier: 
  uniqueId: "I10e - S\xE1dlo v hrnku-T-3"
  nameWithinDialog: T-3
  parentGraph: {fileID: 11400000}
  inPort: {fileID: 114174439070807598}
  outPorts:
  - {fileID: 114198234659891662}
  pointsTo: []
  position: {x: 0, y: 0}
  rect:
    serializedVersion: 2
    x: 268.60983
    y: 416.64984
    width: 300
    height: 275
  isDragged: 0
  isSelected: 0
  nodeNameRect:
    serializedVersion: 2
    x: 15
    y: 10
    width: 180
    height: 30
  corruptionReport: 
  triggers:
  - {fileID: 114620213381363054}
  - {fileID: 114769704196568544}
  triggerMultiOptionIndex: 0
--- !u!114 &114540650281640328
MonoBehaviour:
  m_ObjectHideFlags: 0
  m_CorrespondingSourceObject: {fileID: 0}
  m_PrefabInstance: {fileID: 0}
  m_PrefabAsset: {fileID: 0}
  m_GameObject: {fileID: 0}
  m_Enabled: 1
  m_EditorHideFlags: 0
  m_Script: {fileID: 11500000, guid: 20b5064632769b640943e81336d488d2, type: 3}
  m_Name: "I10e - S\xE1dlo v hrnku-T-6-T"
  m_EditorClassIdentifier: 
  type: {fileID: 11400000, guid: ac22e1bb95f716e409b7dbe7c83827df, type: 2}
  variable: {fileID: 11400000, guid: c25b1a001062aa349820ea3ad9835209, type: 2}
  intParam: -1
  entryPoint: {fileID: 0}
  stringParam: 
  boolParam: 0
  character: {fileID: 0}
  floatParam: 0
  stringOptions: []
--- !u!114 &114599439728789536
MonoBehaviour:
  m_ObjectHideFlags: 0
  m_CorrespondingSourceObject: {fileID: 0}
  m_PrefabInstance: {fileID: 0}
  m_PrefabAsset: {fileID: 0}
  m_GameObject: {fileID: 0}
  m_Enabled: 1
  m_EditorHideFlags: 0
  m_Script: {fileID: 11500000, guid: 92897b83d3ac44d4fb3722cc5d2189d2, type: 3}
  m_Name: "I10e - S\xE1dlo v hrnku-R-4-outPort"
  m_EditorClassIdentifier: 
  Direction: 1
  attachedToNode: {fileID: 114427776674959284}
  centerInAbsolute: {x: 911.8897, y: 470.18985}
  connections:
  - {fileID: 114710419899205730}
  buttonRectInRelative:
    serializedVersion: 2
    x: 238
    y: 25
    width: 12
    height: 12
--- !u!114 &114620213381363054
MonoBehaviour:
  m_ObjectHideFlags: 0
  m_CorrespondingSourceObject: {fileID: 0}
  m_PrefabInstance: {fileID: 0}
  m_PrefabAsset: {fileID: 0}
  m_GameObject: {fileID: 0}
  m_Enabled: 1
  m_EditorHideFlags: 0
  m_Script: {fileID: 11500000, guid: 20b5064632769b640943e81336d488d2, type: 3}
  m_Name: "I10e - S\xE1dlo v hrnku-T-3-T"
  m_EditorClassIdentifier: 
  type: {fileID: 11400000, guid: 8122649a0bd2ba849b8605ebcc06f225, type: 2}
  variable: {fileID: 11400000, guid: fdd5da381b27d0d4886612b4b158a21a, type: 2}
  intParam: -1
  entryPoint: {fileID: 0}
  stringParam: 
  boolParam: 0
  character: {fileID: 0}
  floatParam: 0
  stringOptions: []
--- !u!114 &114631636505698392
MonoBehaviour:
  m_ObjectHideFlags: 0
  m_CorrespondingSourceObject: {fileID: 0}
  m_PrefabInstance: {fileID: 0}
  m_PrefabAsset: {fileID: 0}
  m_GameObject: {fileID: 0}
  m_Enabled: 1
  m_EditorHideFlags: 0
  m_Script: {fileID: 11500000, guid: a369827a53a8b544fac030b468de9f7b, type: 3}
  m_Name: "I10e - S\xE1dlo v hrnku-R-7"
  m_EditorClassIdentifier: 
  uniqueId: "I10e - S\xE1dlo v hrnku-R-7"
  nameWithinDialog: R-7
  parentGraph: {fileID: 11400000}
  inPort: {fileID: 114129866056318702}
  outPorts:
  - {fileID: 114513539311747512}
  pointsTo: []
  position: {x: 0, y: 0}
  rect:
    serializedVersion: 2
    x: 916.8596
    y: 633.05975
    width: 250
    height: 150
  isDragged: 0
  isSelected: 0
  nodeNameRect:
    serializedVersion: 2
    x: 15
    y: 10
    width: 146
    height: 30
  corruptionReport: 
  speaker: {fileID: 0}
  replicAudio: {fileID: 0}
  scroll: {x: 0, y: 0}
  currentLang: 0
  translation:
    cs: "A je to! B\xEDl\xE1 barva je na sv\u011Bt\u011B."
    en: 
--- !u!114 &114640155887424802
MonoBehaviour:
  m_ObjectHideFlags: 0
  m_CorrespondingSourceObject: {fileID: 0}
  m_PrefabInstance: {fileID: 0}
  m_PrefabAsset: {fileID: 0}
  m_GameObject: {fileID: 0}
  m_Enabled: 1
  m_EditorHideFlags: 0
  m_Script: {fileID: 11500000, guid: c83906d02ff79e44a87686bb3e9d622c, type: 3}
  m_Name: "I10e - S\xE1dlo v hrnku-EP-pr\xE1\u0161ek -- I10e - S\xE1dlo v hrnku-T-3"
  m_EditorClassIdentifier: 
  inPort: {fileID: 114912950232025348}
  outPort: {fileID: 114174439070807598}
--- !u!114 &114710419899205730
MonoBehaviour:
  m_ObjectHideFlags: 0
  m_CorrespondingSourceObject: {fileID: 0}
  m_PrefabInstance: {fileID: 0}
  m_PrefabAsset: {fileID: 0}
  m_GameObject: {fileID: 0}
  m_Enabled: 1
  m_EditorHideFlags: 0
  m_Script: {fileID: 11500000, guid: c83906d02ff79e44a87686bb3e9d622c, type: 3}
  m_Name: "I10e - S\xE1dlo v hrnku-R-4 -- I10e - S\xE1dlo v hrnku-R-7"
  m_EditorClassIdentifier: 
  inPort: {fileID: 114599439728789536}
  outPort: {fileID: 114129866056318702}
--- !u!114 &114765617130388650
MonoBehaviour:
  m_ObjectHideFlags: 0
  m_CorrespondingSourceObject: {fileID: 0}
  m_PrefabInstance: {fileID: 0}
  m_PrefabAsset: {fileID: 0}
  m_GameObject: {fileID: 0}
  m_Enabled: 1
  m_EditorHideFlags: 0
  m_Script: {fileID: 11500000, guid: 92897b83d3ac44d4fb3722cc5d2189d2, type: 3}
  m_Name: "I10e - S\xE1dlo v hrnku-R-1-outPort"
  m_EditorClassIdentifier: 
  Direction: 1
  attachedToNode: {fileID: 114165871627705280}
  centerInAbsolute: {x: 508.83, y: 196.73001}
  connections: []
  buttonRectInRelative:
    serializedVersion: 2
    x: 238
    y: 25
    width: 12
    height: 12
--- !u!114 &114769704196568544
MonoBehaviour:
  m_ObjectHideFlags: 0
  m_CorrespondingSourceObject: {fileID: 0}
  m_PrefabInstance: {fileID: 0}
  m_PrefabAsset: {fileID: 0}
  m_GameObject: {fileID: 0}
  m_Enabled: 1
  m_EditorHideFlags: 0
  m_Script: {fileID: 11500000, guid: 20b5064632769b640943e81336d488d2, type: 3}
  m_Name: "I10e - S\xE1dlo v hrnku-T-3-T"
  m_EditorClassIdentifier: 
  type: {fileID: 11400000, guid: 8122649a0bd2ba849b8605ebcc06f225, type: 2}
  variable: {fileID: 11400000, guid: 041afd2b506f1eb42ba576eabcf5daa7, type: 2}
  intParam: -1
  entryPoint: {fileID: 0}
  stringParam: 
  boolParam: 0
  character: {fileID: 0}
  floatParam: 0
  stringOptions: []
--- !u!114 &114804959636843278
MonoBehaviour:
  m_ObjectHideFlags: 0
  m_CorrespondingSourceObject: {fileID: 0}
  m_PrefabInstance: {fileID: 0}
  m_PrefabAsset: {fileID: 0}
  m_GameObject: {fileID: 0}
  m_Enabled: 1
  m_EditorHideFlags: 0
  m_Script: {fileID: 11500000, guid: 5ab8e39e5de1e8146b9d50b8568d7681, type: 3}
  m_Name: "I10e - S\xE1dlo v hrnku-T-6"
  m_EditorClassIdentifier: 
  uniqueId: "I10e - S\xE1dlo v hrnku-T-6"
  nameWithinDialog: T-6
  parentGraph: {fileID: 11400000}
  inPort: {fileID: 114528818709556726}
  outPorts:
  - {fileID: 114441023166747796}
  pointsTo: []
  position: {x: 0, y: 0}
  rect:
    serializedVersion: 2
    x: 1020.4795
    y: 426.30984
    width: 300
    height: 200
  isDragged: 0
  isSelected: 0
  nodeNameRect:
    serializedVersion: 2
    x: 15
    y: 10
    width: 180
    height: 30
  corruptionReport: 
  triggers:
  - {fileID: 114540650281640328}
  triggerMultiOptionIndex: 0
--- !u!114 &114912950232025348
MonoBehaviour:
  m_ObjectHideFlags: 0
  m_CorrespondingSourceObject: {fileID: 0}
  m_PrefabInstance: {fileID: 0}
  m_PrefabAsset: {fileID: 0}
  m_GameObject: {fileID: 0}
  m_Enabled: 1
  m_EditorHideFlags: 0
  m_Script: {fileID: 11500000, guid: 92897b83d3ac44d4fb3722cc5d2189d2, type: 3}
  m_Name: "I10e - S\xE1dlo v hrnku-EP-2-outPort"
  m_EditorClassIdentifier: 
  Direction: 1
  attachedToNode: {fileID: 114081573200748514}
  centerInAbsolute: {x: 147.97993, y: 391.29987}
  connections:
  - {fileID: 114640155887424802}
  buttonRectInRelative:
    serializedVersion: 2
    x: 168
    y: 25
    width: 12
    height: 12
